 Dungeon Crawl Stone Soup version 0.16-a0-327-gbff0e38 (webtiles) character file.

813 Ratboiler the Sneak (level 7, -4/44 HPs)
             Began as an Octopode Conjurer on Sept 5, 2014.
             Was an Initiate of Vehumet.
             Splashed by a jelly's acid (13 damage)
             ... on Level 5 of the Dungeon.
             The game lasted 00:25:02 (7580 turns).

Ratboiler the Sneak (Octopode Conjurer)             Turns: 7580, Time: 00:25:03

HP  -4/44        AC  1     Str  8      XL: 7   Next: 93%
MP  13/23        EV 12     Int 19      God: Vehumet [......]
Gold 211         SH  0     Dex 12      Spells:  3 memorised,  3 levels left

rFire  . . .     SeeInvis .     a - staff of power
rCold  . . .     Clarity  .     (no shield)
rNeg   . . .     rCorr    .     (helmet restricted)
rPois  .         rRot     .     (no amulet)
rElec  .         Spirit   .     k - ring of flight
SustAb .         Warding  .     (no ring)
rMut   .         Stasis   .     (no ring)
Gourm  .                        (no ring)
MR     .....                    (no ring)
                                (no ring)
                                (no ring)
                                (no ring)

@: very slightly contaminated, not resistant to hostile enchantments, quite
stealthy
A: almost no armour, amphibious, 8 rings, constrict 8, camouflage 1, gelatinous
body 1
a: Renounce Religion, Evoke Flight


You were on level 5 of the Dungeon.
You worshipped Vehumet.
Vehumet was noncommittal.
You were not hungry.

You visited 1 branch of the dungeon, and saw 5 of its levels.
You also visited: Sewer.

You collected 211 gold pieces.

Inventory:

Hand weapons
 b - a +1 whip of venom
 h - a +0 long sword
Missiles
 y - 11 poisoned needles
Magical devices
 v - a wand of polymorph (3)
Comestibles
 n - 2 bread rations
 z - a meat ration
 E - a chunk of bat flesh
Scrolls
 f - 5 scrolls of identify {unknown}
 i - 2 scrolls of teleportation {unknown}
 j - a scroll of blinking {unknown}
 l - 4 scrolls of fog {unknown}
 m - a scroll of amnesia {unknown}
 o - a scroll of enchant weapon {unknown}
 s - 2 scrolls of random uselessness {unknown}
 t - a scroll of fear {unknown}
 w - 2 scrolls of immolation {unknown}
 A - 2 scrolls of magic mapping {unknown}
Jewellery
 k - a ring of flight (left tentacle)
Potions
 d - 2 potions of heal wounds
 e - 2 potions of magic {unknown}
 g - a potion of might
 p - 2 potions of flight {unknown}
 q - a potion of restore abilities {unknown}
 r - 3 potions of curing {unknown}
 u - a potion of mutation {unknown}
 x - a potion of brilliance {unknown}
 B - a potion of decay {unknown}
 C - a potion of agility
Books
 c - a book of Conjurations

   Spells                             Type                      Level
   *Magic Dart                        Conjuration                  1
   Searing Ray                        Conjuration                  2
   *Dazzling Spray                    Conjuration/Hexes            3
   Fulminant Prism                    Conjuration/Hexes            4
   *Iskenderun's Mystic Blast         Conjuration                  4
   Iskenderun's Battlesphere          Conjuration/Charms           5
Magical staves
 a - an uncursed staff of power (weapon)


   Skills:
 + Level 1.9 Fighting
 + Level 2.7 Dodging
 + Level 7.9 Stealth
 + Level 2.7 Spellcasting
 + Level 7.0 Conjurations


You had 3 spell levels left.
You knew the following spells:

 Your Spells              Type           Power        Failure   Level  Hunger
a - Magic Dart            Conj           ####         1%          1    None
b - Dazzling Spray        Conj/Hex       ###.....     12%         3    ###....
c - Iskenderun's Mystic   Conj           ####....     12%         4    ####...


Dungeon Overview and Level Annotations

Branches:
Dungeon (5/15)
 Temple: D:4-7

Altars:
Ashenzari
Sif Muna
Vehumet
The Shining One

Annotations:
D:3 Sigmund
D:4 Dowan
D:5 exclusion: statue, Pikel


Innate Abilities, Weirdness & Mutations

You cannot wear most types of armour.
You are amphibious.
You can wear up to eight rings at the same time.
You can use your tentacles to constrict many enemies at once.
Your skin changes colour to match your surroundings (Stealth).
Your rubbery body absorbs attacks (AC +1).


Message History

Aim: a jelly The orb of energy hits the jelly.
The jelly is lightly wounded.
The orb of energy explodes!
The jelly hits you.
You are splashed with acid!
The acid burns!
Casting: Iskenderun's Mystic Blast
Confirm with . or Enter, or press ? or * to list all spells.
Aiming: Iskenderun's Mystic Blast
Press: ? - help, Shift-Dir - straight line, f/p - jelly
Aim: a jelly (lightly wounded)
The orb of energy hits the jelly.
The jelly is moderately wounded.
The orb of energy explodes!
The jelly hits you.
You are splashed with acid!
The acid burns!
* * * LOW HITPOINT WARNING * * *
The jelly jiggles.
The jelly hits you.
* * * LOW HITPOINT WARNING * * *
You are splashed with acid!
The acid burns!
You die...

##.## ##.###.##..###.....
#.## ##........%.....##
##.## ##.######..#...#.#
##.###..# #..#..##.#
##.#.#.# #..#..##.##
##.##.# #..........
#####.##.# #.#....###.
#..[..##J# #......# #.
#.######@# ###....###.
#.# #.# #...#...#
#.######.########......##
#...............#........
#######.............####.
#####..........>...
#.......####### #.......#
#.....K##


You could see a jelly.

Vanquished Creatures
  An ice beast (D:5)
  2 slaves (D:4)
  A centaur (D:5)
  A scorpion (D:5)
  A jelly (D:5)
  A crimson imp (D:5)
  2 hounds (D:5)
  2 orc wizards (D:5)
  3 worker ants
  An ogre zombie (D:5)
  7 adders
  2 green rats (Sewer)
  Natasha (twice) (D:3)
  An orc zombie (D:3)
  A shadow imp (D:5)
  2 giant mites (D:3)
  4 worms
  2 giant geckos
  8 orcs
  4 ball pythons (Sewer)
  9 bats
  9 giant cockroaches
  6 goblins
  16 hobgoblins
  5 jackals (D:3)
  5 oozes
  5 quokkas
  10 giant newts
  A goblin zombie (D:5)
  15 kobolds
  23 rats
152 creatures vanquished.

Vanquished Creatures (others)
  Natasha (D:3)
1 creature vanquished.

Grand Total: 153 creatures vanquished

Notes
Turn   | Place    | Note
--------------------------------------------------------------
     0 | D:1      | Ratboiler, the Octopode Conjurer, began the quest for the Orb.
     0 | D:1      | Reached XP level 1. HP: 11/11 MP: 3/3
   201 | D:1      | Reached XP level 2. HP: 15/17 MP: 4/4
   731 | D:1      | Reached XP level 3. HP: 4/21 MP: 1/6
   922 | D:1      | Learned a level 3 spell: Dazzling Spray
  1847 | D:2      | Reached XP level 4. HP: 27/27 MP: 2/7
  2107 | D:2      | Reached skill level 5 in Conjurations
  2468 | D:3      | Noticed Sigmund
  2537 | D:3      | Reached skill level 5 in Stealth
  2537 | D:3      | Reached XP level 5. HP: 27/31 MP: 9/9
  2653 | D:3      | Found a glowing drain.
  2691 | Sewer    | Entered a sewer
  2742 | Sewer    | Learned a level 4 spell: Iskenderun's Mystic Blast
  3957 | D:3      | Noticed Natasha
  3967 | D:3      | Killed Natasha
  3979 | D:3      | Reached skill level 6 in Stealth
  3979 | D:3      | Reached XP level 6. HP: 20/36 MP: 1/10
  4127 | D:3      | Noticed Natasha
  4141 | D:3      | Killed Natasha
  4379 | D:3      | Noticed Natasha
  4401 | D:3      | Killed Natasha
  4872 | D:4      | Found a shattered altar of Ashenzari.
  4875 | D:4      | Found a deep blue altar of Sif Muna.
  4877 | D:4      | Found a glowing golden altar of the Shining One.
  4966 | D:4      | Noticed Dowan
  4996 | D:5      | Entered Level 5 of the Dungeon
  5217 | D:5      | Reached skill level 7 in Stealth
  5637 | D:5      | Reached XP level 7. HP: 31/41 MP: 11/12
  5874 | D:5      | Noticed Pikel
  6512 | D:5      | Found a radiant altar of Vehumet.
  6519 | D:5      | Became a worshipper of Vehumet
  6626 | D:5      | Reached skill level 1 in Fighting
  7580 | D:5      | Splashed by a jelly's acid

Action                   |  1- 3 |  4- 6 |  7- 9 || total
-------------------------+-------+-------+-------++-------
Melee: Unarmed           |    40 |    20 |       ||    60
       Staff             |    14 |    74 |    14 ||   102
       Long sword        |     4 |       |       ||     4
 Cast: Magic Dart        |    54 |   141 |    61 ||   256
       Dazzling Spray    |     1 |    10 |     6 ||    17
       Iskenderun's Myst |       |    18 |    20 ||    38
  Use: Potion            |       |     1 |     1 ||     2
 Stab: Sleeping          |     5 |     8 |     1 ||    14
       Invisible         |       |     1 |       ||     1
  Eat: Chunk             |     3 |    17 |     6 ||    26
       Meat ration       |       |     1 |       ||     1
       Bread ration      |       |       |     1 ||     1
